 Dungeon Crawl Stone Soup version 0.28-a0-172-g787e458d71 (webtiles) character file.

Game seed: 10462954164839694801

75 porpoise the Poker (level 4, -13/35 HPs)
             Began as a Demonspawn Gladiator on Aug 17, 2021.
             Mangled by an ogre (29 damage)
             ... in the Ecumenical Temple.
             The game lasted 00:08:14 (2462 turns).

porpoise the Poker (Demonspawn Gladiator)           Turns: 2462, Time: 00:08:15

Health: -13/35     AC:  9    Str: 15    XL:     4   Next: 11%
Magic:  4/4        EV: 12    Int: 10    God:
Gold:   24         SH:  0    Dex: 14    Spells: 3/3 levels left

rFire   . . .      SeeInvis .   a - +0 trident
rCold   . . .      Faith    .   (no shield)
rNeg    . . .      Spirit   .   m - +3 leather armour
rPois   .          Reflect  .   (helmet restricted)
rElec   .          Harm     .   (no cloak)
rCorr   .          Rampage  .   l - +0 pair of gloves
Will    .....                   (no boots)
Stlth   +.........              (no amulet)
HPRegen 0.11/turn               (no ring)
MPRegen 0.09/turn               (no ring)

@: lit by a corona, glowing
A: antennae 1, molten scales 1
a: no special abilities


You were in the Ecumenical Temple.
You visited 2 branches of the dungeon, and saw 5 of its levels.

You collected 24 gold pieces.

Inventory:

Hand Weapons
 a - a +0 trident (weapon)
Missiles
 d - 3 throwing nets (quivered)
 e - 106 stones
 j - 23 arrows
 k - 23 bolts
 r - 4 poisoned darts
Armour
 l - a +0 pair of gloves (worn)
 m - a +3 leather armour (worn)
Jewellery
 c - a ring of flight
Scrolls
 b - a scroll of identify {unknown}
 g - a scroll of summoning {unknown}
 h - a scroll of holy word {unknown}
 i - 3 scrolls of teleportation {unknown}
Potions
 f - a potion of berserk rage {unknown}
 n - 2 potions of curing {unknown}
 o - a potion of ambrosia {unknown}
 p - a potion of mutation {unknown}
 q - a potion of attraction {unknown}


   Skills:
 + Level 3.4 Fighting
 + Level 3.7 Polearms
 - Level 1.7 Throwing
 - Level 2.6 Dodging


You had 3 spell levels left.
You didn't know any spells.
Your spell library contained the following spells:

 Spells                   Type           Power      Damage    Failure   Level
 Passwall                 Tmut/Erth      0%         N/A       56%         2
 Ignite Poison            Fire/Tmut/Pois 0%         N/A       80%         3
 Mephitic Cloud           Conj/Pois/Air  0%         N/A       80%         3
 Swiftness                Air            0%         N/A       80%         3
 Bolt of Magma            Conj/Fire/Erth 0%         4d4       100%        5
 Invisibility             Hex            0%         N/A       100%        6


Dungeon Overview and Level Annotations

Branches:
Dungeon (6/15)             Temple (1/1) D:6

Altars:
Ashenzari
Cheibriados
Dithmenos
Elyvilon
Gozag
Hepliaklqana
Kikubaaqudgha
Qazlal
Ru
Uskayaw
Zin
The Shining One

Shops:
D:1 [


Innate Abilities, Weirdness & Mutations

You have a pair of small antennae on your head.
You are partially covered in molten scales. (AC +2)


Message History

Things that are here:
a +0 falchion; a +0 leather armour; a +0 club
There is a staircase back to the Dungeon, spattered with blood here.
You start resting.
HP restored.
You climb upwards.
Welcome back to the Dungeon!
There is a staircase to the Ecumenical Temple here.
Okay, then.
Unknown command.
The gnoll hits you from afar with a +0 spear.
The gnoll hits you from afar with a +0 spear.
The ogre hits you with a +0 giant club. The gnoll hits you but does no damage.
The gnoll shaman closely misses you.
You climb downwards.
Welcome back to the Ecumenical Temple!
There is a staircase back to the Dungeon, spattered with blood here.
You hit the ogre.
The ogre is moderately wounded.
The ogre barely misses you.
The gnoll shaman hits you but does no damage.
You hit the ogre but do no damage.
The ogre is moderately wounded.
The ogre barely misses you.
The gnoll shaman invokes the aid of its god against you.
You are outlined in light.
You puncture the ogre!
The ogre is heavily wounded.
The gnoll shaman hits you with a +0 club.
The ogre barely misses you.
You puncture the ogre!
The ogre is almost dead.
The gnoll shaman misses you.
You barely miss the ogre.
The ogre is almost dead.
The ogre hits you with a +0 giant club!
The gnoll shaman hits you with a +0 club.
You barely miss the ogre.
The ogre is almost dead.
The ogre hits you with a +0 giant club!!
Ouch! That really hurt!
You die...

#≈§≈....#...#._..§≈§#
#≈≈....§#._.#.....≈≈#
##≈.._...#...#......≈##
##≈.......8...8.......≈##
#≈.................._..≈#
##≈...................≈##
######8.........8######
##..................§##
#≈.._......@O....._..§#
##.........g.........##
######8.........8######
##≈..................§§##
#≈.._..................§#
##≈.......8...8.......§##
##≈......#...#..._..≈##
#≈≈§....#._.#.....≈§#
#§§§§._.#...#....≈≈≈#


You could see an ogre and a gnoll shaman.

Vanquished Creatures
  A gnoll (Temple)
  3 dart slugs
  2 orcs
  6 endoplasms
  3 giant cockroaches
  6 goblins
  5 hobgoblins
  2 jackals (D:1)
  A quokka (D:3)
  7 ball pythons
  4 bats
  6 frilled lizards
  3 kobolds
  4 rats
53 creatures vanquished.

Notes
Turn   | Place    | Note
-------+----------+-------------------------------------------
     0 | D:1      | porpoise the Demonspawn Gladiator began the quest for the
                  | Orb.
     0 | D:1      | Reached XP level 1. HP: 16/16 MP: 1/1
   204 | D:1      | Gained mutation: You are partially covered in molten
                  | scales. (AC +2) [demonic ancestry]
   204 | D:1      | Reached XP level 2. HP: 23/23 MP: 2/2
   212 | D:1      | Found Wixiunka's Antique Armour Emporium.
  1008 | D:2      | Gained mutation: You have a pair of small antennae on your
                  | head. [demonic ancestry]
  1008 | D:2      | Reached XP level 3. HP: 24/28 MP: 3/3
  1612 | D:3      | Found a faded altar of an unknown god.
  1904 | D:3      | Found a hide-covered altar of Uskayaw.
  1905 | D:3      | Found a snail-covered altar of Cheibriados.
  2302 | D:3      | You fall into a shaft and drop 3 floors!
  2302 | D:6      | Found a staircase to the Ecumenical Temple.
  2310 | Temple   | Entered the Ecumenical Temple
  2317 | Temple   | Reached XP level 4. HP: 33/35 MP: 4/4
  2409 | D:6      | Noticed an ogre
  2462 | Temple   | Mangled by an ogre

Illustrated notes

Levels and vault maps discovered:
D:1:      dpeg_arrival_pond, layout_basic, serial_shops,
          nicolae_shop_competitors_out_of_business
D:2:      layout_loops_ring
D:3:      layout_loops_cross, minitemple, basic_ecumenical_altar
D:6:      layout_gridville, led_sif_pool, minmay_temple_entry_tees,
          uniq_menkaure, uniq_sigmund
Temple:   eino_temple_lava

Skill      XL: |  1  2  3 |
---------------+----------+-----
Polearms       | 3 |  3.7
Fighting       | 3 |  3.4
Throwing       | |  1.7
Dodging        | |  2.6

Action                   |  1- 3 |  4- 6 || total
-------------------------+-------+-------++-------
Melee: Trident           |   152 |    13 ||   165
 Stab: Sleeping          |     3 |       ||     3
Armor: Leather armour    |    28 |     4 ||    32
       Ring mail         |    10 |       ||    10
Dodge: Dodged            |    70 |    12 ||    82

Table legend: (Time is in decaauts)
 A = Elapsed time spent in this place.
 B = Non-inter-level travel time spent in this place.
 C = Inter-level travel time spent in this place.
 D = Time resting spent in this place.
 E = Time spent auto-exploring this place.
 F = Levels seen in this place.
 G = Mean time per level.
                   A        B        C        D        E       F      G
               +--------+--------+--------+--------+--------+-----+--------+
         Total |   2485 |   2446 |     39 |    394 |   1565 |   5 |  497.0 |
       Dungeon |   2336 |   2304 |     32 |    347 |   1499 |   4 |  584.0 |
        Temple |    149 |    142 |      7 |     47 |     66 |   1 |  149.0 |
               +--------+--------+--------+--------+--------+-----+--------+

Top non-repeatable levels by time:
     D:2: 920 daAuts
     D:1: 705 daAuts
     D:3: 696 daAuts
  Temple: 149 daAuts
     D:6: 14 daAuts
